Map: Last Remnant

Players

GraySleet

  • Race: Protoss Protoss
  • League: Platinum
  • Spawn Location: 3:00

Freshrain

  • Race: Terran Terran
  • Spawn Location: 12:00

JaySlays

  • Race: Terran Terran
  • Spawn Location: 1:00

Wolf

  • Race: Terran Terran
  • League: Diamond
  • Spawn Location: 12:00

UberUdder

  • Race: Zerg Zerg
  • Spawn Location: 6:00

oOSenchi

  • Race: Zerg Zerg
  • League: Platinum
  • Spawn Location: 6:00

Shocks

  • Race: Terran Terran
  • Spawn Location: 9:00

XDxDarkSoul

  • Race: Terran Terran
  • Spawn Location: 7:00

VOD

Have the link to the VOD?

Description

Time

  • Played on: April 15, 2018, 9:45 p.m.
  • Length: 4:58
Show
View Real Time Build Order
Export as new Build Order

GraySleet Protoss 

Build Orders:  

Get SALT Encoding   

  12  0:01  Probe  
  13  0:14  Pylon  
  13  0:27  Pylon  
  13  0:40  Forge  
  13  0:54  Assimilator  
  13  1:03  Assimilator  
  13  1:14  Photon Cannon  
  13  1:26  Pylon  
  13  1:39  Pylon  
  12  2:06  Probe (Chrono Boost)  
  13  2:16  Probe (Chrono Boost)  
  13  2:21  Probe (Chrono Boost)  
  13  2:28  Gateway  
  14  2:31  Gateway  
  14  2:33  Probe  
  15  2:45  Probe (Chrono Boost)  
  16  2:52  Pylon  
  16  2:57  Probe (Chrono Boost)  
  17  3:02  Probe (Chrono Boost)  
  17  3:05  Assimilator  
  18  3:10  Photon Cannon  
  18  3:11  Probe  
  19  3:15  Photon Cannon  
  19  3:29  Pylon  
  19  3:52  Probe  
  19  3:54  Assimilator  
  20  4:04  Probe  
  20  4:06  Zealot x2 (Chrono Boost)  
  25  4:16  Probe  
  21  4:24  Zealot x2  
Show
View Real Time Build Order
Export as new Build Order

Freshrain Terran 

Build Orders:  

Get SALT Encoding   

  12  0:02  SCV  
  13  0:14  SCV  
  13  0:21  Supply Depot  
  14  0:37  SCV  
  14  0:40  Refinery  
  14  0:42  Refinery  
  15  1:00  Barracks  
  15  1:02  SCV  
  16  1:20  SCV  
  17  1:48  Orbital Command  
  17  1:55  Factory  
  16  2:13  Engineering Bay  
  16  2:22  SCV  
  17  2:39  Factory Tech Lab  
  17  2:41  Factory  
  17  2:44  Supply Depot  
  17  2:48  Missile Turret  
  17  2:50  SCV  
  18  3:03  Siege Tank  
  21  3:24  SCV  
  19  3:53  Siege Tank  
  3  4:19  Cyclone  
  6  4:40  SCV  
Show
View Real Time Build Order
Export as new Build Order

JaySlays Terran 

Build Orders:  

Get SALT Encoding   

  12  0:01  SCV  
  13  0:13  SCV  
  14  0:22  Supply Depot  
  14  0:25  SCV  
  15  0:43  SCV  
  15  0:44  Barracks  
  16  0:50  Refinery  
  16  0:56  SCV  
  17  1:08  SCV  
  18  1:26  Command Center  
  18  1:31  SCV  
  19  1:38  Refinery  
  19  1:41  Barracks Tech Lab  
  19  1:47  SCV  
  20  1:56  Supply Depot  
  20  2:02  SCV  
  22  2:17  Factory  
  21  2:23  Orbital Command  
  21  2:27  Marine  
  22  2:40  Orbital Command  
  22  2:51  SCV  
  23  3:02  Siege Tank  
  23  3:03  SCV  
  27  3:10  Factory  
  27  3:13  SCV  
  27  3:15  SCV  
  29  3:25  SCV  
  30  3:29  SCV  
  31  3:37  SCV  
  31  3:41  SCV  
  33  3:43  Siege Tank  
  33  3:50  Marine  
  33  3:55  Factory Tech Lab  
  34  4:08  Marine  
  34  4:15  Siege Tank  
  36  4:26  SCV  
  36  4:27  SCV  
  38  4:41  Supply Depot  
Show
View Real Time Build Order
Export as new Build Order

Wolf Terran 

Build Orders: Reaper Expand 

Get SALT Encoding   

  12  0:00  SCV  
  13  0:13  SCV  
  14  0:19  Supply Depot  
  14  0:25  SCV  
  15  0:40  SCV  
  15  0:42  Barracks  
  16  0:45  Refinery  
  16  0:52  SCV  
  17  1:04  SCV  
  18  1:19  SCV  
  19  1:32  Orbital Command  
  19  1:33  Reaper  
  20  1:53  Command Center  
  20  1:59  SCV  
  21  2:05  Barracks Reactor  
  21  2:10  Refinery  
  21  2:12  Supply Depot, SCV  
  22  2:23  Factory  
  22  2:24  SCV  
  23  2:36  SCV  
  24  2:41  Marine x2  
  26  2:48  SCV  
  27  2:53  Barracks  
  27  3:00  SCV  
  27  3:01  Marine x2  
  30  3:06  Supply Depot  
  30  3:07  Factory Tech Lab  
  30  3:11  Starport  
  29  3:25  Marine x2  
  31  3:29  Siege Tank  
  34  3:45  Marine x2  
  33  3:48  Barracks Tech Lab  
  33  3:49  Starport Reactor  
  33  4:03  Marine x2  
  33  4:06  Marine  
  34  4:12  Siege Tank  
  37  4:21  Marine  
  36  4:34  Marine x2  
  40  4:39  Marine  
  40  4:41  SCV  
Show
View Real Time Build Order
Export as new Build Order

UberUdder Zerg 

Build Orders: Pool First 

Get SALT Encoding   

  12  0:02  Drone  
  13  0:09  Drone  
  14  0:18  Overlord  
  14  0:36  Spawning Pool  
  14  0:39  Extractor  
  14  0:42  Drone  
  13  0:45  Drone  
  13  0:49  Drone  
  15  0:53  Drone  
  16  1:04  Drone  
  17  1:15  Overlord  
  17  1:24  Queen  
  17  1:25  Zergling x2  
  20  1:36  Zergling x2  
  21  1:47  Zergling x2  
  22  2:09  Metabolic Boost  
  22  2:12  Overlord x2  
  22  2:30  Overlord  
  22  2:32  Zergling x2  
  22  2:33  Zergling x6  
  26  2:48  Zergling x2  
  27  2:51  Hatchery  
  27  2:53  Zergling x2  
  27  3:07  Lair  
  27  3:12  Zergling x2  
  28  3:22  Zergling x2  
  28  3:26  Zergling x2  
  30  3:39  Zergling x2  
  28  3:48  Zergling x2  
  28  3:49  Zergling x4  
  26  3:57  Zergling x2  
  25  4:11  Zergling x4  
  27  4:21  Zergling x4  
  27  4:35  Zergling x4  
  27  4:37  Drone x2  
Show
View Real Time Build Order
Export as new Build Order

oOSenchi Zerg 

Build Orders: Hatch First 

Get SALT Encoding   

  12  0:01  Drone  
  13  0:08  Drone  
  14  0:20  Overlord  
  14  0:44  Hatchery  
  14  0:46  Drone  
  14  0:53  Drone  
  15  0:58  Drone  
  15  1:01  Drone  
  17  1:17  Spawning Pool  
  16  1:18  Extractor  
  16  1:21  Drone  
  16  1:25  Drone  
  17  1:37  Drone  
  18  1:46  Drone  
  19  1:55  Drone  
  20  2:03  Drone x2, Queen  
  20  2:05  Queen  
  26  2:18  Roach Warren  
  25  2:36  Drone x3  
  28  2:37  Overlord  
  28  2:40  Extractor  
  28  2:43  Lair  
  27  2:49  Overlord  
  27  3:11  Drone x6  
  33  3:13  Drone  
  33  3:14  Drone  
  35  3:23  Queen  
  37  3:31  Drone x2  
  37  3:32  Drone  
  40  3:45  Roach x2  
  44  3:57  Overlord x3  
  44  4:08  Overlord x3  
  44  4:15  Roach x2  
  48  4:18  Ravager x2  
  48  4:23  Roach x2  
  54  4:30  Extractor  
  53  4:31  Extractor  
  53  4:33  Drone x4  
  56  4:55  Ravager  
Show
View Real Time Build Order
Export as new Build Order

Shocks Terran 

Build Orders:  

Get SALT Encoding   

  12  0:01  SCV  
  13  0:13  SCV  
  14  0:21  Supply Depot  
  14  0:25  SCV  
  15  0:40  Refinery  
  15  0:44  Barracks  
  15  0:48  SCV  
  16  1:00  SCV  
  17  1:06  Barracks  
  17  1:13  SCV  
  18  1:28  Barracks  
  18  1:32  Marine  
  19  1:50  Marine  
  20  1:56  Supply Depot, Marine  
  21  2:08  Marine  
  21  2:14  Marine  
  23  2:18  Supply Depot  
  23  2:21  Barracks Tech Lab  
  24  2:26  Marine  
  24  2:30  Orbital Command  
  24  2:35  Marine  
  25  2:48  Marine, Stimpack  
  26  2:52  Marine  
  26  2:55  Marine  
  28  3:06  Marine  
  29  3:15  Factory  
  29  3:24  Marine  
  29  3:25  SCV  
  31  3:28  Supply Depot  
  31  3:33  Marine  
  24  3:50  Marine x2  
  24  3:51  Marine  
  27  4:01  Factory Tech Lab  
  27  4:07  Marine  
  27  4:08  Marine  
  27  4:09  Marine, SCV  
  29  4:23  Siege Tank, SCV  
  32  4:25  Marine x2  
  32  4:26  Marine  
  33  4:39  Starport, SCV  
  30  4:55  Barracks Reactor  
Show
View Real Time Build Order
Export as new Build Order

XDxDarkSoul Terran 

Build Orders:  

Get SALT Encoding   

  12  0:03  SCV  
  13  0:15  SCV  
  14  0:31  Supply Depot, SCV  
  15  0:53  SCV  
  16  0:59  Barracks  
  16  1:05  SCV  
  16  1:09  Refinery  
  17  1:17  SCV  
  18  1:29  SCV  
  19  1:46  Marine  
  20  1:53  Barracks  
  20  2:01  Barracks  
  20  2:04  Marine  
  21  2:11  Barracks  
  21  2:13  Barracks  
  21  2:22  Marine  
  22  2:26  Orbital Command  
  22  2:46  Marine, Command Center  
  23  3:00  Barracks Tech Lab  
  23  3:10  Supply Depot  
  23  3:17  Supply Depot  
  23  3:22  Supply Depot  
  23  3:31  Marine x4  
  27  3:49  Marine x3  
  27  3:50  Marine x2  
  32  4:07  Marine x3  
  35  4:17  Marine  
  36  4:25  Marine x3  
  37  4:35  Marine  
Tags
 
Add a new tag
Caveats
  • Supply blocks, unpowered buildings, or Contaminate may cause inaccurate times.
  • Supply counts are checked every 10 seconds.